TOP OF THE 1ST |
Vancouver Vipers batting - Pitching for Santa Monica Bruins : RHP Manny Silva
|
Pitching: RHP Manny Silva
|
|
Batting: RHB Steve Bender
|
0-0: Fly out, F9 (Flyball, 9S)
|
Batting: SHB Henry Copeland
|
0-0: Foul Ball, location: 2F 0-1: SOLO HOME RUN (Flyball, 9D), Distance : 367 ft
|
Batting: LHB Benny Richard
|
0-0: Called Strike 0-1: Called Strike 0-2: Fly out, F7 (Flyball, 78D)
|
Batting: RHB Cooper Richard
|
0-0: Foul Ball, location: 2F 0-1: Swinging Strike 0-2: Ball 1-2: Ball 2-2: Strikes out looking
|
Top of the 1st over - 1 run, 1 hit, 0 errors, 0 left on base; Vancouver 1 - Santa Monica 0 |
BOTTOM OF THE 1ST |
Santa Monica Bruins batting - Pitching for Vancouver Vipers : RHP Tom Wallace
|
Pitching: RHP Tom Wallace
|
|
Batting: LHB Michael Myers
|
0-0: Ball 1-0: Ball 2-0: Ball 3-0: Base on Balls
|
Batting: RHB John Nelson
|
0-0: Called Strike 0-1: Called Strike 0-2: Ball 1-2: Foul Ball, location: 2F 1-2: Fly out, F6 (Popup, 56)
|
Batting: LHB Jorge Souza
|
0-0: Ball Michael Myers steals 2nd base 1-0: 2-RUN HOME RUN (Flyball, 7LD), Distance : 336 ft
|
Batting: RHB Luis Martínez
|
0-0: Ground out 5-3 (Groundball, 5)
|
Batting: LHB Ethan Shaw
|
0-0: Foul Ball, location: 2F 0-1: Foul Ball, location: 2F 0-2: Fly out, F9 (Flyball, 9LS)
|
Bottom of the 1st over - 2 runs, 1 hit, 0 errors, 0 left on base; Vancouver 1 - Santa Monica 2 |
TOP OF THE 2ND |
Vancouver Vipers batting - Pitching for Santa Monica Bruins : RHP Manny Silva
|
Batting: RHB Rob Brady
|
0-0: Ball 1-0: Called Strike 1-1: Ball 2-1: Ball 3-1: Swinging Strike 3-2: Foul Ball, location: 2F 3-2: Strikes out swinging
|
Batting: RHB Ryan Parrish
|
0-0: Foul Ball, location: 2F 0-1: Swinging Strike 0-2: Ball 1-2: Foul Ball, location: 2F 1-2: Ball 2-2: Foul Ball, location: 2F 2-2: Ball 3-2: SINGLE (Line Drive, 6MD)
|
Batting: RHB Jesús Lara
|
0-0: Foul Ball, location: 2F 0-1: Swinging Strike 0-2: Ball 1-2: Ball 2-2: Foul Ball, location: 2F 2-2: Ball 3-2: Foul Ball, location: 2F 3-2: Strikes out swinging
|
Batting: RHB Jason McIntosh
|
0-0: Ball Balk! Ryan Parrish to second 1-0: Swinging Strike 1-1: Swinging Strike 1-2: SINGLE (Groundball, 56D) Ryan Parrish to third Runner from 3rd tries for Home, SAFE, no throw
|
Batting: RHB Axel Guimont
|
0-0: Ball 1-0: Called Strike 1-1: Swinging Strike 1-2: Ball 2-2: Foul Ball, location: 2F 2-2: Ball 3-2: Strikes out swinging
|
Top of the 2nd over - 1 run, 2 hits, 0 errors, 1 left on base; Vancouver 2 - Santa Monica 2 |
BOTTOM OF THE 2ND |
Santa Monica Bruins batting - Pitching for Vancouver Vipers : RHP Tom Wallace
|
Batting: RHB Javier González
|
0-0: Called Strike 0-1: Ball 1-1: Bunt for hit - play at first, batter safe!
|
Batting: LHB Gonzalo Benítez
|
0-0: Called Strike 0-1: Ball 1-1: Ball 2-1: Called Strike 2-2: Strikes out swinging
|
Batting: RHB Dave King
|
0-0: Ball 1-0: Ball 2-0: Swinging Strike 2-1: Foul Ball, location: 2F 2-2: Strikes out swinging
|
Batting: RHB Matt O'Rourke
|
0-0: Called Strike Javier González is caught stealing 2nd base
|
Bottom of the 2nd over - 0 runs, 1 hit, 0 errors, 0 left on base; Vancouver 2 - Santa Monica 2 |
TOP OF THE 3RD |
Vancouver Vipers batting - Pitching for Santa Monica Bruins : RHP Manny Silva
|
Batting: RHB Steve Bender
|
0-0: Ball 1-0: Called Strike 1-1: DOUBLE (Flyball, 8RXD)
|
Batting: SHB Henry Copeland
|
0-0: Called Strike 0-1: Ball 1-1: SINGLE (Groundball, 3D) Steve Bender to third Runner from 3rd tries for Home, SAFE, no throw
|
Batting: LHB Benny Richard
|
0-0: Called Strike 0-1: Ball 1-1: Ball 2-1: 2-RUN HOME RUN (Flyball, 9LD), Distance : 346 ft
|
Batting: RHB Cooper Richard
|
0-0: Called Strike 0-1: Ball 1-1: Foul Ball, location: 2F 1-2: Foul Ball, location: 2F 1-2: Fly out, F3 (Popup, 3S)
|
Batting: RHB Rob Brady
|
0-0: Called Strike 0-1: Ball 1-1: SINGLE (Groundball, 6D)
|
Batting: RHB Ryan Parrish
|
0-0: Ball 1-0: Called Strike 1-1: Ball 2-1: Fielders Choice at 2nd, 6-4 (Groundball, 6)
|
Batting: RHB Jesús Lara
|
0-0: Ball 1-0: Called Strike Ryan Parrish steals 2nd base 1-1: Ball 2-1: Foul Ball, location: 2F 2-2: Foul Ball, location: 2F 2-2: Ball 3-2: Foul Ball, location: 2F 3-2: Base on Balls
|
Batting: RHB Jason McIntosh
|
0-0: Ball 1-0: Swinging Strike 1-1: Ball 2-1: Ball 3-1: Base on Balls Ryan Parrish to third Jesús Lara to second
|
Pitching: RHP Luis De Los Ángeles
|
|
Batting: RHB Axel Guimont
|
0-0: Fly out, F7 (Flyball, 7)
|
Top of the 3rd over - 3 runs, 4 hits, 0 errors, 3 left on base; Vancouver 5 - Santa Monica 2 |
BOTTOM OF THE 3RD |
Santa Monica Bruins batting - Pitching for Vancouver Vipers : RHP Tom Wallace
|
Batting: RHB Matt O'Rourke
|
0-0: Ball 1-0: Ball 2-0: Ball 3-0: Called Strike 3-1: Foul Ball, location: 2F 3-2: Strikes out swinging
|
Batting: LHB Michael Myers
|
0-0: Swinging Strike 0-1: Ball 1-1: Ground out 5-3 (Groundball, 5)
|
Batting: RHB John Nelson
|
0-0: Ball 1-0: Ground out 1-3 (Groundball, 15S)
|
Bottom of the 3rd over - 0 runs, 0 hits, 0 errors, 0 left on base; Vancouver 5 - Santa Monica 2 |
TOP OF THE 4TH |
Vancouver Vipers batting - Pitching for Santa Monica Bruins : RHP Luis De Los Ángeles
|
Batting: RHB Steve Bender
|
0-0: Ball 1-0: Ball 2-0: Foul Ball, location: 2F 2-1: Ball 3-1: Ground out 5-3 (Groundball, 56)
|
Batting: SHB Henry Copeland
|
0-0: Ball 1-0: Ball 2-0: Ball 3-0: Called Strike 3-1: Called Strike 3-2: Strikes out swinging
|
Batting: LHB Benny Richard
|
0-0: Ball 1-0: Called Strike 1-1: Foul Ball, location: 2F 1-2: Ball 2-2: Strikes out swinging
|
Top of the 4th over - 0 runs, 0 hits, 0 errors, 0 left on base; Vancouver 5 - Santa Monica 2 |
BOTTOM OF THE 4TH |
Santa Monica Bruins batting - Pitching for Vancouver Vipers : RHP Tom Wallace
|
Batting: LHB Jorge Souza
|
0-0: Ball 1-0: Foul Ball, location: 2F 1-1: Foul Ball, location: 2F 1-2: Ball 2-2: Fly out, F7 (Line Drive, 7)
|
Batting: RHB Luis Martínez
|
0-0: Called Strike 0-1: Foul Ball, location: 2F 0-2: Ball 1-2: Foul Ball, location: 2F 1-2: Foul Ball, location: 2F 1-2: Ball 2-2: Strikes out looking
|
Batting: LHB Ethan Shaw
|
0-0: Ground out 4-3 (Groundball, 4)
|
Bottom of the 4th over - 0 runs, 0 hits, 0 errors, 0 left on base; Vancouver 5 - Santa Monica 2 |
TOP OF THE 5TH |
Vancouver Vipers batting - Pitching for Santa Monica Bruins : RHP Luis De Los Ángeles
|
Batting: RHB Cooper Richard
|
0-0: Ball 1-0: Ball 2-0: Fly out, F9 (Flyball, 89M)
|
Batting: RHB Rob Brady
|
0-0: Called Strike 0-1: Foul Ball, location: 2F 0-2: Ball 1-2: Strikes out looking
|
Batting: RHB Ryan Parrish
|
0-0: Called Strike 0-1: Ball 1-1: Fly out, F7 (Flyball, 78D)
|
Top of the 5th over - 0 runs, 0 hits, 0 errors, 0 left on base; Vancouver 5 - Santa Monica 2 |
BOTTOM OF THE 5TH |
Santa Monica Bruins batting - Pitching for Vancouver Vipers : RHP Tom Wallace
|
Batting: RHB Javier González
|
0-0: Swinging Strike 0-1: Ball 1-1: Ground out 5-3 (Groundball, 56)
|
Batting: LHB Gonzalo Benítez
|
0-0: Called Strike 0-1: Ground out 4-3 (Groundball, 4)
|
Batting: RHB Dave King
|
0-0: Swinging Strike 0-1: Foul Ball, location: 2F 0-2: Ball 1-2: Ball 2-2: Ball 3-2: SINGLE (Line Drive, 6M)
|
Batting: RHB Matt O'Rourke
|
0-0: Called Strike 0-1: Swinging Strike 0-2: SINGLE (Groundball, 5) (infield hit) Dave King to second
|
Batting: LHB Michael Myers
|
0-0: Swinging Strike 0-1: Ball 1-1: Ball 2-1: Ball 3-1: Called Strike 3-2: Ground out U3 (Groundball, 23)
|
Bottom of the 5th over - 0 runs, 2 hits, 0 errors, 2 left on base; Vancouver 5 - Santa Monica 2 |
TOP OF THE 6TH |
Vancouver Vipers batting - Pitching for Santa Monica Bruins : RHP Luis De Los Ángeles
|
Batting: RHB Jesús Lara
|
0-0: Called Strike 0-1: Ball 1-1: Called Strike 1-2: Strikes out looking
|
Batting: RHB Jason McIntosh
|
0-0: Called Strike 0-1: Ball 1-1: Ball 2-1: Foul Ball, location: 2F 2-2: Foul Ball, location: 2F 2-2: Ball 3-2: Strikes out swinging, 2-3 out at first.
|
Batting: RHB Axel Guimont
|
0-0: Ball 1-0: Ball 2-0: SINGLE (Groundball, 4MD)
|
Batting: RHB Steve Bender
|
0-0: Ball Axel Guimont is caught stealing 2nd base
|
Top of the 6th over - 0 runs, 1 hit, 0 errors, 0 left on base; Vancouver 5 - Santa Monica 2 |
BOTTOM OF THE 6TH |
Santa Monica Bruins batting - Pitching for Vancouver Vipers : RHP Tom Wallace
|
Batting: RHB John Nelson
|
0-0: Ball 1-0: Foul Ball, location: 2F 1-1: Fly out, F4 (Line Drive, 4)
|
Batting: LHB Jorge Souza
|
0-0: Foul Ball, location: 2F 0-1: Ball 1-1: Called Strike 1-2: Strikes out swinging, 2-3 out at first.
|
Batting: RHB Luis Martínez
|
0-0: Swinging Strike 0-1: Ball 1-1: Foul Ball, location: 2F 1-2: Ball 2-2: Ball 3-2: Base on Balls
|
Batting: LHB Ethan Shaw
|
0-0: Fly out, F7 (Line Drive, 7LM)
|
Bottom of the 6th over - 0 runs, 0 hits, 0 errors, 1 left on base; Vancouver 5 - Santa Monica 2 |
TOP OF THE 7TH |
Vancouver Vipers batting - Pitching for Santa Monica Bruins : RHP Luis De Los Ángeles
|
Pitching: RHP In-ho Om
|
|
Batting: RHB Steve Bender
|
0-0: Ground out 6-3 (Groundball, 6)
|
Batting: SHB Henry Copeland
|
0-0: Called Strike 0-1: Swinging Strike 0-2: Strikes out swinging
|
Batting: LHB Benny Richard
|
0-0: Fly out, F7 (Flyball, 7LS)
|
Top of the 7th over - 0 runs, 0 hits, 0 errors, 0 left on base; Vancouver 5 - Santa Monica 2 |
BOTTOM OF THE 7TH |
Santa Monica Bruins batting - Pitching for Vancouver Vipers : RHP Tom Wallace
|
Batting: RHB Javier González
|
0-0: Ball 1-0: Ground out 6-3 (Groundball, 6)
|
Batting: LHB Gonzalo Benítez
|
0-0: Fly out, F7 (Line Drive, 7)
|
Batting: RHB Dave King
|
0-0: Called Strike 0-1: Ball 1-1: Ball 2-1: Swinging Strike 2-2: SINGLE (Groundball, 4MD)
|
Batting: RHB Matt O'Rourke
|
0-0: Called Strike 0-1: Fly out, F6 (Popup, 6)
|
Bottom of the 7th over - 0 runs, 1 hit, 0 errors, 1 left on base; Vancouver 5 - Santa Monica 2 |
TOP OF THE 8TH |
Vancouver Vipers batting - Pitching for Santa Monica Bruins : RHP In-ho Om
|
Batting: RHB Cooper Richard
|
0-0: Ball 1-0: Ball 2-0: Ground out 5-3 (Groundball, 56)
|
Batting: RHB Rob Brady
|
0-0: Foul Ball, location: 2F 0-1: Ball 1-1: Swinging Strike 1-2: Foul Ball, location: 2F 1-2: Ball 2-2: Ball 3-2: Base on Balls
|
Batting: RHB Ryan Parrish
|
0-0: Ball 1-0: Foul Ball, location: 2F 1-1: Swinging Strike 1-2: Strikes out swinging
|
Batting: RHB Jesús Lara
|
0-0: Called Strike 0-1: Fielders Choice at 2nd, 6-4 (Groundball, 6)
|
Top of the 8th over - 0 runs, 0 hits, 0 errors, 1 left on base; Vancouver 5 - Santa Monica 2 |
BOTTOM OF THE 8TH |
Santa Monica Bruins batting - Pitching for Vancouver Vipers : RHP Tom Wallace
|
Batting: LHB Michael Myers
|
0-0: Ball 1-0: Swinging Strike 1-1: Ball 2-1: Foul Ball, location: 2F 2-2: Foul Ball, location: 2F 2-2: Strikes out looking
|
Pitching: RHP Pedro Días
|
|
Batting: RHB John Nelson
|
0-0: Foul Ball, location: 2F 0-1: Foul Ball, location: 2F 0-2: Strikes out swinging
|
Batting: LHB Jorge Souza
|
0-0: SINGLE (Groundball, 34D)
|
Batting: RHB Luis Martínez
|
0-0: Swinging Strike 0-1: Swinging Strike 0-2: Fielders Choice at 2nd, 5-4 (Groundball, 5)
|
Bottom of the 8th over - 0 runs, 1 hit, 0 errors, 1 left on base; Vancouver 5 - Santa Monica 2 |
TOP OF THE 9TH |
Vancouver Vipers batting - Pitching for Santa Monica Bruins : RHP In-ho Om
|
Batting: RHB Jason McIntosh
|
0-0: Ball 1-0: Ball 2-0: Swinging Strike 2-1: Foul Ball, location: 2F 2-2: Ball 3-2: Strikes out looking
|
Batting: RHB Axel Guimont
|
0-0: Swinging Strike 0-1: Called Strike 0-2: Ball 1-2: Ball 2-2: Foul Ball, location: 2F 2-2: Foul Ball, location: 2F 2-2: Foul Ball, location: 2F 2-2: Strikes out swinging
|
Batting: RHB Steve Bender
|
0-0: DOUBLE (Line Drive, 78M)
|
Batting: SHB Henry Copeland
|
0-0: Called Strike 0-1: Ball 1-1: Foul Ball, location: 2F 1-2: Ball 2-2: Strikes out swinging
|
Top of the 9th over - 0 runs, 1 hit, 0 errors, 1 left on base; Vancouver 5 - Santa Monica 2 |
BOTTOM OF THE 9TH |
Santa Monica Bruins batting - Pitching for Vancouver Vipers : RHP Pedro Días
|
Pitching: LHP Henry Brown
|
|
Batting: LHB Ethan Shaw
|
0-0: Ball 1-0: Called Strike 1-1: Foul Ball, location: 2F 1-2: Ground out 6-3 (Groundball, 6S)
|
Batting: RHB Javier González
|
0-0: Ball 1-0: Ball 2-0: DOUBLE (Flyball, 8RXD)
|
Batting: LHB Gonzalo Benítez
|
0-0: Foul Ball, location: 2F 0-1: Swinging Strike 0-2: Foul Ball, location: 2F 0-2: Ball 1-2: Strikes out swinging
|
Batting: RHB Dave King
|
0-0: Fly out, F9 (Line Drive, 89S)
|
Bottom of the 9th over - 0 runs, 1 hit, 0 errors, 1 left on base; Vancouver 5 - Santa Monica 2 |
|